 Dungeon Crawl Stone Soup version 0.29.0-4-gdea44cf6ec (webtiles) character file.

Game seed: 11034824422942836848

1898 qw the Cleaver (level 9, 0/51 HPs)
             Began as a Tengu Warper on Aug 28, 2022.
             Was a Believer of Okawaru.
             Slain by an orc
             ... wielding a +0 trident
              (4 damage)
             ... on level 6 of the Dungeon.
             The game lasted 00:00:34 (5914 turns).

qw the Cleaver (Tengu Warper)                       Turns: 5914, Time: 00:00:34

Health: 0/51       AC: 22    Str: 16    XL:     9   Next: 15%
Magic:  10/13      EV: 11    Int: 14    God:    Okawaru [**....]
Gold:   184        SH: 17    Dex: 13    Spells: 12/12 levels left

rFire   . . .      SeeInvis .   Y - +1 war axe
rCold   . . .      Faith    .   c - +1 kite shield {AC+3}
rNeg    . . .      Spirit   .   i - +2 plate armour
rPois   .          Reflect  +   n - +2 hat
rElec   .          Harm     .   (no cloak)
rCorr   .          Rampage  .   k - +0 pair of gloves
Will    .....                   (boots unavailable)
Stlth   ..........              h - amulet of reflection
HPRegen 0.17/turn               d - +4 ring of evasion
MPRegen 0.13/turn               (no ring)

@: heroic, flying quickly and evasively, quick
A: beak, talons 3, nimble flight, mutation resistance 1
a: Renounce Religion, Heroism


You were on level 6 of the Dungeon.
You worshipped Okawaru.
Okawaru was pleased with you.
You visited 2 branches of the dungeon, and saw 7 of its levels.

You collected 240 gold pieces.
You spent 56 gold pieces at shops.


Innate Abilities, Weirdness & Mutations

You have a beak for a mouth.
You have claws for feet.
Your magical nature lets you fly swiftly and evasively.
You are somewhat resistant to further mutation.


   Skills:
 - Level 3.2(8.2) Fighting
 + Level 8.6(13.6) Axes
 - Level 1.0(6.0) Throwing
 - Level 4.3(9.3) Armour
 - Level 2.1(7.1) Dodging
 - Level 5.3(10.3) Shields
 - Level 2.0 Spellcasting
 - Level 2.4 Translocations
 - Level 4.1 Invocations


You had 12 spell levels left.
You didn't know any spells.
Your spell library contained the following spells:

 Spells                   Type           Power      Damage    Failure   Level
 Blink                    Tloc           16%        N/A       100%        2
 Gell's Gravitas          Tloc           8%         N/A       100%        3
 Lesser Beckoning         Tloc           8%         N/A       100%        3
 Teleport Other           Tloc           8%         N/A       100%        3
 Manifold Assault         Tloc           8%         N/A       100%        5

Inventory:

Hand Weapons
 j - a +0 flail
 Y - a +1 war axe (weapon)
Armour
 c - a +1 kite shield of protection (worn)
 i - a +2 plate armour (worn)
 k - a +0 pair of gloves (worn)
 n - a +2 hat (worn)
Jewellery
 d - a +4 ring of evasion (left hand)
 h - an amulet of reflection (around neck)
Scrolls
 a - 4 scrolls of identify
Potions
 f - a potion of mutation
 l - a potion of resistance

Dungeon Overview and Level Annotations

Branches:
Dungeon (6/15)             Temple (1/1) D:5

Altars:
Ashenzari
Elyvilon
Fedhas
Gozag
Makhleb
Nemelex Xobeh
Okawaru
Qazlal
Ru
Uskayaw
Wu Jian
Xom
Zin
The Shining One
Lugonu

Shops:
D:2 *

Annotations:
D:5 2 transporters, qw's ghost, novice TeWr


Message History

You hit the orc wizard. You slash the orc priest!
You kill the orc priest!
Okawaru accepts your kill.
You hit something. You block the orc wizard's attack.
You block the ogre's attack. You block something's attack.
You hit the ogre but do no damage. Your kick misses the ogre.
The ogre is almost dead.
You hit the orc. You miss something. You hit the orc wizard. You slash the orc!
You kill the orc!
Okawaru accepts your kill.
You hear some strange, mumbled words.
Something tries to affect you, but you resist.
The orc closely misses you.
The orc wizard hits you but does no damage.
The ogre misses you.
You slash the ogre!
You kill the ogre!
Okawaru accepts your kill.
You slash the orc!
You kill the orc!
Okawaru accepts your kill.
You closely miss something. You barely miss the orc wizard.
You block the orc wizard's attack. Something hits you but does no damage.
You block the hound's attack.
You slash the orc wizard!
You kill the orc wizard!
Okawaru accepts your kill.
You hit the hound. You hit the orc. You miss something.
The hound bites you but does no damage.
You slash the hound!
The hound is heavily wounded.
You hit something. You hit the orc wizard. You slash the orc!
You kill the orc!
Okawaru accepts your kill. The hound bites you but does no damage.
Something hits you.
The orc wizard points at you and mumbles some strange words.
You easily resist.
The orc hits you from afar with a +0 trident.
You die...

#.#######.##.#.#.#
#.# ##....##.#.#.#
#..../.........#.#
...o.........###.#
.............# #.#
...........# #.#
.........o.# #.#
........o{)# #.#
<....o)@.# #.#
########h###.#
#######O#...#
#.......#.###
#.#####.#.# #.<..#
#..### #(.# #..#


You could see an ogre, a hound, an orc wizard and 2 orcs.

Vanquished Creatures
  A gargoyle (D:6)
  Eustachio (D:5)
  2 water moccasins
  A sky beast (D:6)
  2 black bears
  An ogre (D:6)
  A centaur (D:6)
  Blork the orc (D:5)
  A bullfrog (D:6)
  2 necrophages (D:6)
  2 scorpions (D:6)
  A hound (D:5)
  An orc priest (D:6)
  2 jellies (D:6)
  7 orc wizards
  10 adders
  A shadow imp (D:5)
  A white imp (D:6)
  2 dart slugs
  11 orcs
  8 endoplasms
  6 giant cockroaches
  6 goblins
  7 hobgoblins
  9 jackals
  4 quokkas
  A ball python (D:4)
  2 bats
  5 frilled lizards
  4 kobolds
  6 rats
109 creatures vanquished.

Vanquished Creatures (others)
  4 plants
4 creatures vanquished.

Grand Total: 113 creatures vanquished

Notes
Turn   | Place    | Note
-------+----------+-------------------------------------------
     0 | D:1      | qw the Tengu Warper began the quest for the Orb.
     0 | D:1      | Reached XP level 1. HP: 12/12 MP: 4/4
     0 | D:1      | 0 ||| qw: Version: 0.1-a-89-g26bdef1
     0 | D:1      | 0 ||| qw: Game counter: 44
     0 | D:1      | 0 ||| qw: Always use a shield: true
     0 | D:1      | 0 ||| qw: God list: Okawaru
     0 | D:1      | 0 ||| qw: Allow faded altars: false
     0 | D:1      | 0 ||| qw: Do Orc after D:15 true
     0 | D:1      | 0 ||| qw: Do second Lair branch before Depths: true
     0 | D:1      | 0 ||| qw: Lair rune preference: random
     0 | D:1      | 0 ||| qw: Plans: Normal
     0 | D:1      | 0 ||| PLANNING D:1-11
   185 | D:1      | Reached XP level 2. HP: 10/17 MP: 6/6
   402 | D:1      | Reached skill level 3 in Axes
   857 | D:1      | 857 ||| DROPPING +0 club.
  1024 | D:1      | Reached XP level 3. HP: 21/21 MP: 7/7
  1142 | D:1      | 1142 ||| Stepping ~*~*~tactically~*~*~ (stealth).
  1356 | D:1      | Reached skill level 4 in Axes
  1680 | D:1      | Found a faded altar of an unknown god.
  1899 | D:1      | 1899 ||| UPGRADING to +0 plate armour.
  1909 | D:1      | 1909 ||| DROPPING +0 leather armour.
  1910 | D:1      | 1910 ||| UPGRADING to +2 hat.
  1915 | D:1      | 1915 ||| UPGRADING to amulet of reflection.
  1920 | D:1      | 1920 ||| READING 2 scrolls labelled POBERO XOICWAE.
  1921 | D:1      | 1921 ||| READING scroll of enchant armour.
  1921 | D:1      | 1921 ||| ENCHANTING +0 plate armour.
  1922 | D:1      | 1922 ||| READING 2 scrolls labelled AVEL EZUATUM.
  1923 | D:1      | 1923 ||| READING scroll labelled MIQIN NIAJU.
  1924 | D:1      | 1924 ||| READING scroll labelled XUIFEOLUOD.
  1925 | D:1      | 1925 ||| DRINKING 2 clear potions.
  1926 | D:1      | 1926 ||| DRINKING 3 fizzy brown potions.
  1926 | D:1      | Gained mutation: Your body sometimes deteriorates upon
                  | taking damage. [potion of mutation]
  1926 | D:1      | Gained mutation: You are frail. (-10% HP) [potion of
                  | mutation]
  1927 | D:1      | 1927 ||| DRINKING 2 potions of mutation.
  1927 | D:1      | Lost mutation: You are frail. (-10% HP) [potion of
                  | mutation]
  1927 | D:1      | Lost mutation: Your body sometimes deteriorates upon taking
                  | damage. [potion of mutation]
  1927 | D:1      | Gained mutation: You are somewhat resistant to further
                  | mutation. [potion of mutation]
  1964 | D:1      | 1964 ||| DROPPING scroll of blinking.
  1965 | D:1      | 1965 ||| DROPPING potion of attraction.
  1966 | D:1      | 1966 ||| DROPPING scroll of poison.
  2040 | D:2      | Found Rialoit's Assorted Antiques.
  2054 | D:2      | 2054 ||| BUYING scroll labelled HULLI QUKUCW (28 gold).
  2054 | D:2      | Bought a scroll labelled HULLI QUKUCW for 28 gold pieces
  2054 | D:2      | 2054 ||| BUYING scroll labelled RIGIPN DASEUK (28 gold).
  2054 | D:2      | Bought a scroll labelled RIGIPN DASEUK for 28 gold pieces
  2054 | D:2      | 2054 ||| SHOPLISTING scroll of enchant armour (210 gold,
                  | have 21).
  2054 | D:2      | 2054 ||| SHOPLISTING scroll of identify (56 gold, have 21).
  2054 | D:2      | 2054 ||| SHOPLISTING smoky pink potion (25 gold, have 21).
  2172 | D:2      | Reached XP level 4. HP: 23/26 MP: 8/8
  2689 | D:2      | 2689 ||| SWAPPING to +0 war axe.
  2695 | D:2      | 2695 ||| DROPPING +0 hand axe.
  2909 | D:2      | 2909 ||| READING 4 scrolls labelled HULLI QUKUCW.
  2910 | D:2      | 2910 ||| READING scroll labelled RIGIPN DASEUK.
  2911 | D:2      | 2911 ||| READING scroll labelled AROOLL KIWUIGU.
  2912 | D:2      | 2912 ||| READING scroll labelled GECLYQ CASA.
  3013 | D:2      | 3013 ||| READING scroll labelled HUCKOGR CEJEAP.
  3013 | D:2      | Identified a scroll of acquirement
  3013 | D:2      | 3013 ||| ACQUIRING +1 kite shield of protection
  3013 | D:2      | Acquired a +1 kite shield of protection
  3015 | D:2      | 3015 ||| UPGRADING to +1 kite shield of protection.
  3020 | D:2      | 3020 ||| DRINKING 2 glowing emerald potions.
  3021 | D:2      | 3021 ||| READING 2 scrolls of identify.
  3021 | D:2      | 3021 ||| IDENTIFYING smoky pink potion
  3022 | D:2      | 3022 ||| DROPPING potion of degeneration.
  3023 | D:2      | 3023 ||| DROPPING 3 scrolls of magic mapping.
  3101 | D:3      | 3101 ||| Stepping ~*~*~tactically~*~*~ (hiding).
  3109 | D:3      | Reached skill level 1 in Shields
  3109 | D:3      | Gained mutation: Your magical nature lets you fly swiftly
                  | and evasively. [Tengu growth]
  3109 | D:3      | Reached XP level 5. HP: 29/30 MP: 9/9
  3292 | D:3      | 3292 ||| Stepping ~*~*~tactically~*~*~ (stealth).
  3524 | D:3      | Identified the +8 short sword of Fedhas {vorpal, Fly Dex+4}
  3707 | D:3      | 3707 ||| READING 3 scrolls of identify.
  3707 | D:3      | 3707 ||| IDENTIFYING amethyst potion
  3708 | D:3      | 3708 ||| READING 2 scrolls of identify.
  3708 | D:3      | 3708 ||| IDENTIFYING fizzy coppery potion
  3709 | D:3      | 3709 ||| DROPPING potion of lignification.
  3750 | D:4      | 3750 ||| DROPPING +0 whip.
  3914 | D:4      | Noticed a black bear
  3927 | D:4      | HP: 7/30 [black bear (2)]
  3928 | D:4      | 3928 ||| DRINKING potion of heal wounds.
  3929 | D:4      | Killed a black bear
  3930 | D:4      | Reached skill level 3 in Shields
  3930 | D:4      | Reached XP level 6. HP: 35/35 MP: 10/10
  4032 | D:4      | 4032 ||| READING scroll of enchant armour.
  4032 | D:4      | 4032 ||| ENCHANTING +1 plate armour.
  4068 | D:4      | Found a white marble altar of Elyvilon.
  4306 | D:4      | 4306 ||| READING 3 scrolls labelled EPEOVI DUVAZEI.
  4307 | D:4      | 4307 ||| READING scroll labelled OLIEFF JENTUUM.
  4308 | D:4      | 4308 ||| DRINKING 2 smoky blue potions.
  4309 | D:4      | 4309 ||| READING 4 scrolls of identify.
  4309 | D:4      | 4309 ||| IDENTIFYING white potion
  4310 | D:4      | 4310 ||| DROPPING potion of flight.
  4311 | D:4      | 4311 ||| DROPPING 2 scrolls of immolation.
  4333 | D:5      | Entered Level 5 of the Dungeon
  4351 | D:5      | Found a staircase to the Ecumenical Temple.
  4351 | D:5      | Noticed a water moccasin
  4352 | D:5      | 4352 ||| PLANNING TEMPLE
  4369 | D:5      | Killed a water moccasin
  4370 | D:5      | Reached skill level 5 in Axes
  4390 | D:5      | Noticed Blork the orc
  4391 | D:5      | 4391 ||| Stepping ~*~*~tactically~*~*~ (hiding).
  4404 | D:5      | Killed Blork the orc
  4405 | D:5      | Reached skill level 6 in Axes
  4596 | Temple   | Entered the Ecumenical Temple
  4612 | Temple   | Became a worshipper of Warmaster Okawaru
  4632 | Temple   | 4632 ||| PLANNING D:1-11
  4680 | D:5      | Reached XP level 7. HP: 36/40 MP: 11/11
  4717 | D:5      | 4717 ||| UPGRADING to +4 ring of evasion.
  4718 | D:5      | 4718 ||| READING scroll labelled TAEROLAULO.
  4719 | D:5      | 4719 ||| Stepping randomly (stuck).
  4735 | D:5      | Found a blossoming altar of Fedhas.
  4736 | D:5      | Found a shimmering altar of Xom.
  4737 | D:5      | Found a transporter.
  4739 | D:5      | Noticed qw's ghost (novice TeWr)
  4740 | D:5      | Found a transporter.
  4924 | D:5      | Reached skill level 7 in Axes
  4965 | D:5      | You are sucked into a shaft and drop 1 floor!
  5076 | D:6      | 5076 ||| UPGRADING to +0 pair of gloves.
  5081 | D:6      | 5081 ||| READING scroll labelled VAQ OSAUFEX.
  5341 | D:5      | Noticed Eustachio
  5368 | D:5      | Killed Eustachio
  5533 | D:5      | Found a broken altar of Ashenzari.
  5535 | D:5      | Found a glowing silver altar of Zin.
  5591 | D:5      | 5591 ||| Stepping randomly (stuck).
  5622 | D:5      | 5622 ||| Stepping ~*~*~tactically~*~*~ (stealth).
  5624 | D:5      | 5624 ||| Stepping ~*~*~tactically~*~*~ (hiding).
  5628 | D:5      | 5628 ||| DRINKING 3 potions of curing.
  5628 | D:5      | 5628 ||| (to cure confusion)
  5633 | D:5      | 5633 ||| DRINKING 2 potions of curing.
  5633 | D:5      | 5633 ||| (to cure confusion)
  5637 | D:5      | 5637 ||| DRINKING potion of curing.
  5637 | D:5      | 5637 ||| (to cure confusion)
  5889 | D:6      | Reached skill level 3 in Fighting
  5889 | D:6      | Reached XP level 8. HP: 22/46 MP: 12/12
  5892 | D:6      | Reached * piety under Okawaru
  5893 | D:6      | 5893 ||| INVOKING Heroism.
  5894 | D:6      | 5894 ||| INVOKING Heroism.
  5894 | D:6      | HP: 11/46 [scorpion (5)]
  5895 | D:6      | 5895 ||| DRINKING 2 potions of heal wounds.
  5895 | D:6      | Noticed a gargoyle
  5897 | D:6      | Reached skill level 1 in Invocations
  5899 | D:6      | HP: 7/46 [something (5)]
  5900 | D:6      | 5900 ||| DRINKING potion of heal wounds.
  5903 | D:6      | Reached skill level 8 in Axes
  5904 | D:6      | 5904 ||| INVOKING Heroism.
  5907 | D:6      | Reached skill level 3 in Invocations
  5907 | D:6      | Killed a gargoyle
  5907 | D:6      | Reached ** piety under Okawaru
  5908 | D:6      | Reached XP level 9. HP: 14/51 MP: 9/13
  5908 | D:6      | HP: 5/51 [ogre/+0 giant club (9)]
  5914 | D:6      | HP: 4/51 [something (2)]
  5914 | D:6      | Slain by an orc

Levels and vault maps discovered:
D:1:      dpeg_arrival_oval, layout_basic, shapermc_ecumenical_altar_mp_vishouse
D:2:      layout_basic, serial_shops, nicolae_shop_overgrown_old_shop
D:3:      layout_loops_ring, serial_bayou_pond_a
D:4:      layout_rooms, mainiacjoe_overflow_alcove_2
D:5:      layout_cave_pools, nicolae_overflow_hidden_temple,
          minmay_temple_entry_mini_moons, gammafunk_ghost_smash,
          serial_co_window_serial, co_window_corner_a, co_window_paths_a,
          co_window_paths_a, co_window_paths_a, co_window_of_opportunity_a,
          co_window_broadway_c, co_window_broadway_b, co_window_broadway_b,
          co_window_of_opportunity_c, co_window_broadway_a, co_window_paths_d,
          glass_columns_c, glass_columns_b, glass_columns_b, glass_columns_a,
          glass_columns_c, uniq_blork_the_orc, uniq_eustachio
D:6:      layout_basic, lemuel_doored_altar, grunt_potential
Temple:   corrupted_temple

Skill      XL: |  1  2  3  4  5  6  7  8 |
---------------+-------------------------+-----
Axes           | 3 4 6 7 8 |  8.6
Armour         | 2 4 |  4.3
Shields        | 1 3 4 5 |  5.3
Fighting       | 3 |  3.2
Invocations    | 4 |  4.1
Throwing       | |  1.0
Dodging        | |  2.1
Spellcasting   | |  2.0
Translocations | |  2.4

Action                   |  1- 3 |  4- 6 |  7- 9 || total
-------------------------+-------+-------+-------++-------
Melee: Hand axe          |    98 |    11 |       ||   109
       Peck              |    11 |    20 |    11 ||    42
       Punch             |     2 |       |       ||     2
       Kick              |    23 |    26 |    30 ||    79
       War axe           |       |    99 |    94 ||   193
Throw: Boomerang         |     7 |       |       ||     7
Invok: Heroism           |       |       |     2 ||     2
  Use: Scroll            |     5 |    12 |     2 ||    19
       Potion            |     3 |     3 |     5 ||    11
Armor: Leather armour    |    18 |       |       ||    18
       Plate armour      |     9 |    71 |    97 ||   177
Dodge: Dodged            |    34 |    16 |    38 ||    88
Block: Other             |     7 |     8 |       ||    15
       Reflection        |     1 |     1 |     1 ||     3
       Kite shield       |       |    54 |    95 ||   149

Table legend:
 A = Non-vault XP
 B = Vault XP
 C = Vault XP percentage of total XP
 D = Non-vault monster count
 E = Vault monster count
 F = Vault count percentage of total count
                 A         B        C        D         E       F
            +---------+---------+-------+---------+---------+-------
      Total |    1407 |    1308 |  48.2 |      93 |      16 |  14.7
            +---------+---------+-------+---------+---------+-------
        D:1 |      53 |       0 |   0.0 |      30 |       0 |   0.0
        D:2 |      82 |       0 |   0.0 |      20 |       0 |   0.0
        D:3 |      74 |       0 |   0.0 |      10 |       0 |   0.0
        D:4 |     155 |       0 |   0.0 |      10 |       0 |   0.0
        D:5 |     481 |     291 |  37.7 |      14 |       2 |  12.5
        D:6 |     562 |    1017 |  64.4 |       9 |      14 |  60.9
            +---------+---------+-------+---------+---------+-------
